 Dungeon Crawl Stone Soup version 0.26-a0-491-g70697cc071 (webtiles) character file.

Game seed: 9844966162326323749

243473 niknal the Bludgeoner (level 18, -1/175 HPs)
             Began as a Troll Fighter on Aug 4, 2020.
             Was the Champion of Sif Muna.
             Slain by a crystal guardian (37 damage)
             ... in the Desolation of Salt on Aug 5, 2020.
             The game lasted 02:20:06 (38199 turns).

niknal the Bludgeoner (Troll Fighter)              Turns: 38199, Time: 02:20:07

Health: -1/175     AC: 16    Str: 31    XL:     18   Next: 70%
Magic:  33/33      EV: 13    Int: 13    God:    Sif Muna [******]
Gold:   1866       SH: 25    Dex:  9    Spells: 35/42 levels left

rFire    + . .     SeeInvis .   k - +2 eveningstar (drain)
rCold    + . .     Faith    .   y - +0 tower shield
rNeg     . . .     Spirit   .   a - +0 swamp dragon scales
rPois    +         Reflect  .   C - +0 hat of Quteom {rF+ rC+ Int+3}
rElec    .         Harm     .   V - +0 cloak
rCorr    .                      (gloves unavailable)
MR       +....                  (boots unavailable)
Stlth    ..........             G - amulet of regeneration
HPRegen  1.19/turn              q - +4 ring of evasion
MPRegen  0.23/turn              X - +4 ring of slaying

@: no status effects
A: large, unfitting armour, beak, claws 3, large bone plates 1, molten scales 1,
regeneration 1, shaggy fur 1, strong 1, tough skin 3
}: 2/15 runes: decaying, gossamer
a: Channel Magic, Forget Spell, Divine Exegesis, Renounce Religion


You were in the Desolation of Salt.
You worshipped Sif Muna.
Sif Muna was exalted by your worship.
You visited 7 branches of the dungeon, and saw 33 of its levels.
You also visited: Ice Cave and Desolation.

You collected 3465 gold pieces.
You spent 1599 gold pieces at shops.

Inventory:

Hand Weapons
 k - a +2 eveningstar of draining (weapon)
Armour
 a - +0 swamp dragon scales (worn)
 y - a +0 tower shield (worn)
 C - the +0 hat of Quteom (worn) {rF+ rC+ Int+3}
   (You acquired it on level 1 of the Orcish Mines)

   It affects your intelligence (+3).
   It protects you from fire.
   It protects you from cold.
 V - a +0 cloak (worn)
Jewellery
 b - an uncursed ring of positive energy
 q - a +4 ring of evasion (left claw)
 x - an uncursed ring of resist corrosion
 G - an amulet of regeneration (around neck)
 H - an uncursed ring of protection from cold
 N - an uncursed ring of flight
 R - an uncursed ring of see invisible
 X - a +4 ring of slaying (right claw)
Wands
 h - a wand of paralysis (19)
 r - a wand of digging (16)
 s - a wand of iceblast (39)
 J - a wand of acid (13)
 M - a wand of disintegration (15)
 T - a wand of clouds (3)
 Z - a wand of flame (37)
Scrolls
 g - 8 scrolls of blinking
 j - 4 scrolls of fog
 l - a scroll of teleportation
 n - 4 scrolls of immolation
 p - 17 scrolls of remove curse
 t - 7 scrolls of fear
 u - a scroll of silence
 w - 5 scrolls of magic mapping
 U - a scroll of holy word
 Y - 10 scrolls of identify
Potions
 d - 4 potions of might
 i - 12 potions of curing
 m - 8 potions of heal wounds
 o - 5 potions of haste
 z - 5 potions of ambrosia
 A - 6 potions of lignification
 B - 2 potions of berserk rage
 D - 2 potions of magic
 E - a potion of invisibility
 K - 2 potions of resistance
 L - a potion of cancellation
Miscellaneous
 F - a phantom mirror


   Skills:
 - Level 10.2 Fighting
 - Level 15.9 Maces & Flails
 - Level 6.3 Armour
 - Level 2.4 Dodging
 - Level 14.9 Shields
 + Level 12.5 Spellcasting
 - Level 4.0 Evocations


You had 35 spell levels left.
You knew the following spells:

 Your Spells              Type           Power        Failure   Level
a - Animate Dead          Necr           #.........   75%         4
b - Vampiric Draining     Necr           #.........   34%         3

Your spell library contained the following spells:

 Spells                   Type           Power        Failure   Level
 Animate Skeleton         Necr           #.....       12%         1
 Apportation              Tloc           #.....       12%         1
 Beastly Appendage        Tmut           #.....       12%         1
 Corona                   Hex            #......      12%         1
 Foxfire                  Conj/Fire      #...         12%         1
 Freeze                   Ice            #...         12%         1
 Magic Dart               Conj           #...         12%         1
 Pain                     Necr           #...         12%         1
 Sandblast                Erth           #.....       12%         1
 Shock                    Conj/Air       #...         12%         1
 Sting                    Tmut/Pois      #...         12%         1
 Summon Small Mammal      Summ           #...         12%         1
 Blink                    Tloc           N/A          19%         2
 Call Imp                 Summ           #.......     19%         2
 Corpse Rot               Necr/Air       N/A          19%         2
 Ensorcelled Hibernation  Hex/Ice        #.....       19%         2
 Passwall                 Tmut/Erth      #.......     19%         2
 Searing Ray              Conj           #.....       19%         2
 Slow                     Hex            #.......     19%         2
 Swiftness                Air            #.......     19%         2
 Wereblood                Tmut           #.......     19%         2
 Call Canine Familiar     Summ           #.......     34%         3
 Confusing Touch          Hex            #.......     34%         3
 Conjure Flame            Conj/Fire      #.......     34%         3
 Dazzling Flash           Conj/Hex       #.....       34%         3
 Frozen Ramparts          Ice            #.....       34%         3
 Ignite Poison            Fire/Tmut/Pois #.......     34%         3
 Inner Flame              Hex/Fire       #.......     34%         3
 Lesser Beckoning         Tloc           #.........   34%         3
 Mephitic Cloud           Conj/Pois/Air  #.......     34%         3
 Ozocubu's Armour         Ice            #.......     34%         3
 Portal Projectile        Hex/Tloc       #.....       34%         3
 Spider Form              Tmut/Pois      #.........   34%         3
 Static Discharge         Conj/Air       #.......     34%         3
 Stone Arrow              Conj/Erth      #.....       34%         3
 Summon Guardian Golem    Hex/Summ       #.......     34%         3
 Tukima's Dance           Hex            #.......     34%         3
 Airstrike                Air            #.........   75%         4
 Dispel Undead            Necr           #.......     75%         4
 Hailstorm                Conj/Ice       #.......     75%         4
 Ice Form                 Ice/Tmut       #.......     75%         4
 Iskenderun's Mystic Bla  Conj/Tloc      #.......     75%         4
 Leda's Liquefaction      Hex/Erth       #.........   75%         4
 Passage of Golubria      Tloc           N/A          75%         4
 Petrify                  Tmut/Erth      #.......     75%         4
 Sticky Flame             Conj/Fire      #.......     75%         4
 Summon Ice Beast         Ice/Summ       #.......     75%         4
 Summon Lightning Spire   Summ/Air       #.......     75%         4
 Agony                    Necr           #.......     97%         5
 Alistair's Intoxication  Tmut/Pois      #........    97%         5
 Blade Hands              Tmut           #.........   97%         5
 Borgnjor's Vile Clutch   Necr/Erth      #.........   97%         5
 Fireball                 Conj/Fire      #.........   97%         5
 Iskenderun's Battlesphe  Conj           #.......     97%         5
 Lee's Rapid Deconstruct  Erth           #.........   97%         5
 Lightning Bolt           Conj/Air       #.........   97%         5
 Metabolic Englaciation   Hex/Ice        #.........   97%         5
 Silence                  Hex/Air        #.........   97%         5
 Summon Forest            Summ/Tloc      #.........   97%         5
 Yara's Violent Unravell  Hex/Tmut       #.........   97%         5
 Death Channel            Necr           #.........   100%        6
 Dispersal                Tloc           #.........   100%        6
 Eringya's Noxious Bog    Tmut/Pois      #.........   100%        6
 Freezing Cloud           Conj/Ice/Air   #.........   100%        6
 Invisibility             Hex            #.......     100%        6
 Ozocubu's Refrigeration  Ice            #.........   100%        6
 Shadow Creatures         Summ           N/A          100%        6
 Simulacrum               Ice/Necr       #.........   100%        6
 Starburst                Conj/Fire      #.........   100%        6
 Statue Form              Tmut/Erth      #........    100%        6
 Dragon Form              Tmut           #.........   100%        7
 Haunt                    Necr/Summ      #.........   100%        7
 Monstrous Menagerie      Summ           #.........   100%        7
 Summon Hydra             Summ           #.........   100%        7
 Borgnjor's Revivificati  Necr           #.........   100%        8
 Chain Lightning          Conj/Air       #.........   100%        8
 Disjunction              Tloc           #.........   100%        8
 Infestation              Necr           #.........   100%        8
 Necromutation            Tmut/Necr      #.........   100%        8
 Death's Door             Necr           #.........   100%        9
 Shatter                  Erth           #.........   100%        9


Dungeon Overview and Level Annotations

Branches:
Dungeon (15/15)            Temple (1/1) D:6            Lair (6/6) D:8
  Swamp (4/4) Lair:3       Spider (4/4) Lair:3        Slime (0/5) Lair:6
    Orc (2/2) D:11            Elf (0/3) Orc:2        Vaults (1/5) D:14
 Depths (0/5) D:15          IceCv (visited)         Desolation (1/1)

Altars:
Ashenzari
Cheibriados
Dithmenos
Elyvilon
Fedhas
Gozag
Hepliaklqana
Kikubaaqudgha
Makhleb
Nemelex Xobeh
Okawaru
Qazlal
Ru
Sif Muna
Trog
Uskayaw
Vehumet
Wu Jian
Xom
Yredelemnul
Zin
The Shining One

Shops:
D:4 *   D:8 *   D:13 [   D:15 ?:   Orc:1 ?   Orc:2 =!*?   Vaults:1 *

Portals:
Trove: D:10 (give +6 demon trident)


Innate Abilities, Weirdness & Mutations

You are too large for most types of armour.
You have claws for hands.
Your natural rate of healing is unusually fast.
You are covered in fur. (AC +1)
You have extremely tough skin. (AC +3)
You have a beak for a mouth.
You are partially covered in large bone plates. (SH +4)
You are partially covered in molten scales. (AC +2)
Your muscles are strong. (Str +2)


Message History

The crystal bolt misses you. The crystal bolt burns you! You resist.
The crystal bolt burns the crystal guardian.
The crystal guardian completely resists.
The crystal bolt burns the crystal guardian.
The crystal guardian completely resists.
You hit the crystal guardian but do no damage.
The crystal guardian is moderately damaged.
The crystal guardian hits you but does no damage.
You puncture the crystal guardian!
The crystal guardian is moderately damaged.
You hit the crystal guardian.
You peck the crystal guardian, but do no damage.
The crystal guardian is heavily damaged.
The crystal guardian hits you!!!
* * * LOW HITPOINT WARNING * * *
You hear a shout!
You hit the crystal guardian.
The crystal guardian is heavily damaged.
The crystal guardian hits you!!!
You die...

......§§§.§....... .....
...§§§§§.§....... .....
.§§§§§§§§§§..... .....
#.§§§§.§§...... ....
#.§..§.§§...... #..#
#§..##.........
#...###....#.........
#=.#...8................
#....@................
.....###....§.....§.....
... #.§........§#.... #
#§§§§§§§..§§#....
#§§§§§§§....§....
.§§§§............
§..§§§§..§.......
§..§§§§§§§§§.....
§§§§..§.....


You could see a crystal guardian (strong).

Vanquished Creatures
  Saint Roka (Orc:1)
  A bone dragon (Swamp:4)
  4 thorn hunters
  Frances (D:14)
  Roxanne (Swamp:1)
  A frost giant (D:15)
  4 ghost moths (Spider:4)
  Aizul (Swamp:3)
  Louise (D:15)
  6 emperor scorpions (Spider:4)
  6 entropy weavers
  2 spark wasps
  A crystal guardian (Desolation)
  An ettin (D:15)
  2 blizzard demons (IceCv)
  2 yaktaur captains
  The ghost of Tinttamiau the Thaumaturge, a journeyman DENe of Kikubaaqudgha (D:11)
  A ragged hierophant (Desolation)
  A fire dragon (D:14)
  13 hydras
  2 shambling mangroves
  2 vault guards (D:14)
  2 ice dragons
  5 ghost crabs
  4 centaur warriors
  A merfolk avatar (Lair:6)
  A death knight (D:14)
  14 death yaks
  A tengu warrior (D:14)
  15 two-headed ogres
  18 alligators
  A queen ant (Lair:5)
  3 orc high priests (Orc:2)
  Urug (D:11)
  A shadow wraith (D:15)
  3 unseen horrors
  A spectral hydra (Swamp:4)
  A skeletal warrior (D:14)
  2 ironbrand convokers
  A phantasmal warrior (Swamp:4)
  5 swamp dragons
  A harpy (Lair:6)
  19 wolf spiders
  6 orc knights
  2 cyclopes
  18 ugly things
  23 orb spiders
  4 orc sorcerers (Orc:2)
  2 manticores
  18 elephants
  An elephant (shapeshifter) (D:15)
  4 black mambas
  2 ice statues
  A moth of wrath (Spider:1)
  A torpor snail (Spider:4)
  A gargoyle (D:13)
  4 centaur skeletons
  21 cane toads
  Maggie (D:8)
  2 yaktaurs (D:15)
  12 komodo dragons
  5 swamp worm zombies (Swamp:4)
  3 rime drakes (Lair:6)
  A guardian mummy (D:10)
  2 efreet
  5 freezing wraiths
  7 ice devils (IceCv)
  2 golden dragon simulacra (IceCv)
  3 anaconda simulacra (IceCv)
  9 demonic crawlers
  A rime drake (shapeshifter) (Vaults:1)
  2 hydra zombies (Swamp:4)
  A polar bear (shapeshifter) (D:14)
  7 polar bears (Lair:6)
  A wind drake (Lair:6)
  A tengu conjurer (D:14)
  A troll (shapeshifter) (D:13)
  8 trolls
  A jumping spider (shapeshifter) (D:15)
  11 tyrant leeches
  6 bog bodies
  33 jumping spiders
  15 blink frogs
  16 hornets
  10 hippogriffs
  26 slime creatures
  Grinder (D:4)
  7 saltlings (Desolation)
  17 dream sheep
  3 spectral swamp dragons (Swamp:4)
  3 alligator zombies (Swamp:4)
  83 redbacks
  3 shadows
  2 spriggans (Swamp:1)
  29 tarantellas
  3 centaur simulacra
  2 vampires
  3 water elementals (D:12)
  A dire elephant simulacrum (IceCv)
  22 yaks
  2 wyverns
  4 wraiths
  7 humans (D:14)
  A basilisk (Lair:6)
  16 vampire mosquitoes
  Menkaure (D:6)
  16 insubstantial wisps
  13 swamp worms
  6 wargs
  5 harpy simulacra (IceCv)
  An iron troll simulacrum (IceCv)
  4 hydra simulacra (IceCv)
  4 acid dragons
  10 water moccasins
  5 soldier ants
  6 porcupines
  An eye of draining (D:14)
  28 orc warriors
  2 sky beasts (D:9)
  A hornet zombie (D:13)
  An eye of draining (shapeshifter) (D:15)
  2 swamp drakes
  A necrophage (D:9)
  11 phantoms
  12 ice beasts
  3 ettin simulacra (IceCv)
  10 ogres
  6 centaurs
  5 swamp dragon zombies (Swamp:4)
  14 crocodiles
  3 big kobolds
  14 bullfrogs
  A water moccasin zombie (D:9)
  3 scorpions
  15 killer bees
  An elephant simulacrum (IceCv)
  5 wights (D:8)
  5 electric eels
  2 vampire bats (Orc:2)
  2 howler monkeys
  2 bullfrog zombies (D:6)
  2 centaur zombies
  A quasit (D:9)
  2 draconian simulacra (IceCv)
  8 hounds
  21 orc priests
  10 jellies
  8 bullfrog skeletons
  4 iguanas
  20 worker ants
  Ijyb (D:4)
  39 orc wizards
  2 spectral swamp drakes (Swamp:4)
  14 hell rats
  A spriggan simulacrum (IceCv)
  4 troll simulacra (IceCv)
  A wolf simulacrum (IceCv)
  A hound skeleton (D:7)
  A worker ant zombie (D:8)
  6 gnolls
  3 ogre simulacra (IceCv)
  2 swamp drake zombies (Swamp:4)
  15 adders
  2 river rats (D:8)
  6 naga simulacra (IceCv)
  9 white imps
  8 ufetubi
  2 adder zombies
  6 oozes
  2 adder skeletons (D:9)
  A worm (D:6)
  5 leopard geckos
  105 orcs
  11 bats
  7 giant cockroaches
  7 goblins
  3 hobgoblins
  7 jackals
  4 quokkas
  5 frilled lizards
  A jackal skeleton (D:6)
  20 kobolds
  A leopard gecko zombie (D:3)
  A quokka skeleton (D:5)
  6 rats
  4 briar patches
  A fungus (Swamp:2)
1275 creatures vanquished.

Vanquished Creatures (others)
  3 humans (D:14)
  5 insubstantial wisps (Swamp:4)
  A centaur (D:5)
  A scorpion (D:5)
  2 orcs (D:4)
  4 briar patches
  27 fungi
  26 plants
69 creatures vanquished.

Grand Total: 1344 creatures vanquished

Notes
Turn   | Place    | Note
-------+----------+-------------------------------------------
     0 | D:1      | niknal the Troll Fighter began the quest for the Orb.
     0 | D:1      | Reached XP level 1. HP: 22/22 MP: 0/0
    63 | D:1      | Reached skill level 2 in Maces & Flails
   126 | D:1      | Reached XP level 2. HP: 29/29 MP: 1/1
   595 | D:2      | Reached XP level 3. HP: 25/36 MP: 2/2
   940 | D:2      | Found a stormy altar of Qazlal.
  1243 | D:3      | Reached skill level 3 in Maces & Flails
  1323 | D:3      | Reached XP level 4. HP: 44/44 MP: 3/3
  1459 | D:3      | Reached XP level 5. HP: 20/53 MP: 4/4
  2438 | D:4      | Reached skill level 4 in Maces & Flails
  2486 | D:4      | Found Otoqu's General Store.
  2596 | D:4      | Reached XP level 6. HP: 51/61 MP: 5/5
  2753 | D:4      | Noticed Ijyb
  2761 | D:4      | Killed Ijyb
  3106 | D:4      | Noticed Grinder
  3118 | D:4      | Paralysed by Grinder for 6 turns
  3127 | D:4      | Killed Grinder
  3127 | D:4      | Reached skill level 5 in Maces & Flails
  3127 | D:4      | Reached XP level 7. HP: 13/70 MP: 6/6
  3304 | D:5      | Entered Level 5 of the Dungeon
  3353 | D:5      | Noticed a hornet
  3356 | D:5      | Paralysed by a hornet for 2 turns
  3364 | D:5      | Killed a hornet
  3364 | D:5      | Reached skill level 6 in Maces & Flails
  3565 | D:5      | Reached XP level 8. HP: 79/79 MP: 7/7
  4458 | D:6      | Reached skill level 7 in Maces & Flails
  4464 | D:6      | Reached skill level 5 in Fighting
  4464 | D:6      | Reached skill level 5 in Shields
  4649 | D:6      | Found a staircase to the Ecumenical Temple.
  4738 | Temple   | Entered the Ecumenical Temple
  4831 | Temple   | Became a worshipper of Sif Muna the Loreminder
  4980 | D:6      | Found a snail-covered altar of Cheibriados.
  5001 | D:6      | Noticed Menkaure
  5010 | D:6      | Killed Menkaure
  5180 | D:7      | Noticed a hippogriff
  5196 | D:7      | Killed a hippogriff
  5196 | D:7      | Reached XP level 9. HP: 71/88 MP: 8/8
  5388 | D:7      | Reached skill level 8 in Maces & Flails
  6499 | D:8      | Reached * piety under Sif Muna
  6577 | D:8      | Noticed a two-headed ogre
  6587 | D:8      | Killed a two-headed ogre
  6587 | D:8      | Reached skill level 9 in Maces & Flails
  6686 | D:8      | Reached skill level 1 in Evocations
  6782 | D:8      | Noticed a death yak
  7041 | D:9      | Found a burning altar of Makhleb.
  7054 | D:9      | Noticed an Executioner
  7055 | D:9      | Found a glowing silver altar of Zin.
  7055 | D:9      | Noticed an angel
  7077 | D:9      | Reached XP level 10. HP: 97/98 MP: 9/9
  7260 | D:9      | Reached ** piety under Sif Muna
  7491 | D:9      | Noticed a two-headed ogre
  7503 | D:9      | Killed a two-headed ogre
  7667 | D:9      | Found a sparkling altar of Nemelex Xobeh.
  7923 | D:9      | Noticed a two-headed ogre
  8105 | D:8      | Found a staircase to the Lair.
  8110 | D:8      | Noticed a death yak
  8111 | D:8      | Noticed a death yak
  8313 | D:8      | Gained mutation: You are dopey. (Int -2) [potion of
                  | mutation]
  8313 | D:8      | Gained mutation: You expend magic power (3 MP) to
                  | strengthen your wands. [potion of mutation]
  8313 | D:8      | Gained mutation: You are clumsy. (Dex -2) [potion of
                  | mutation]
  8313 | D:8      | Lost mutation: You are dopey. (Int -2) [potion of mutation]
  8386 | D:7      | Lost mutation: You expend magic power (3 MP) to strengthen
                  | your wands. [potion of mutation]
  8386 | D:7      | Lost mutation: You are clumsy. (Dex -2) [potion of
                  | mutation]
  8386 | D:7      | Gained mutation: You are partially covered in large bone
                  | plates. (SH +4) [potion of mutation]
  8386 | D:7      | Gained mutation: You have a beak for a mouth. [potion of
                  | mutation]
  8386 | D:7      | Gained mutation: Your muscles are strong. (Str +2) [potion
                  | of mutation]
  8386 | D:7      | Gained mutation: You are partially covered in molten
                  | scales. (AC +2) [potion of mutation]
  8625 | D:8      | Reached *** piety under Sif Muna
  8676 | D:8      | Noticed Maggie
  8693 | D:8      | Killed Maggie
  8770 | D:8      | Found an iron altar of Okawaru.
  8821 | D:8      | Found Togiciph's General Store.
  9052 | Lair:1   | Entered Level 1 of the Lair of Beasts
  9058 | Lair:1   | Noticed a cane toad
  9078 | Lair:1   | Killed a cane toad
  9860 | Lair:2   | Noticed a cane toad
  9877 | Lair:2   | Killed a cane toad
 10023 | Lair:2   | Reached XP level 11. HP: 89/107 MP: 7/10
 10232 | Lair:2   | Reached skill level 5 in Armour
 10383 | Lair:2   | Noticed a four-headed hydra
 10615 | Lair:2   | Killed a four-headed hydra
 10851 | Lair:3   | Found a hole to the Spider Nest.
 11468 | Lair:3   | Found a staircase to the Swamp.
 11468 | Lair:3   | Noticed a swamp dragon
 11505 | Lair:3   | Killed a swamp dragon
 11505 | Lair:3   | Reached skill level 10 in Maces & Flails
 11656 | Lair:3   | Reached **** piety under Sif Muna
 11990 | Lair:4   | Reached XP level 12. HP: 106/115 MP: 9/11
 12067 | Lair:4   | Reached skill level 10 in Shields
 12346 | Lair:4   | Reached skill level 11 in Maces & Flails
 12884 | Lair:5   | Noticed a death yak
 12884 | Lair:5   | Noticed a death yak
 12884 | Lair:5   | Noticed a death yak
 12886 | Lair:5   | Noticed a death yak
 12886 | Lair:5   | Noticed a death yak
 12923 | Lair:5   | Killed a death yak
 12946 | Lair:5   | Killed a death yak
 12961 | Lair:5   | Killed a death yak
 12978 | Lair:5   | Killed a death yak
 12990 | Lair:5   | Killed a death yak
 13142 | Lair:5   | Noticed a queen ant
 13142 | Lair:5   | Noticed an entropy weaver
 13142 | Lair:5   | Noticed an entropy weaver
 13177 | Lair:5   | Killed an entropy weaver
 13203 | Lair:5   | Noticed an eight-headed hydra
 13475 | Lair:5   | Reached skill level 12 in Maces & Flails
 13821 | Lair:5   | Reached XP level 13. HP: 123/123 MP: 12/12
 14080 | Lair:5   | Killed an entropy weaver
 14140 | Lair:5   | Reached ***** piety under Sif Muna
 14194 | Lair:5   | Identified Sif Muna's Almanac of the Earthen Traveller (Sif
                  | Muna gifted it to you on level 5 of the Lair of Beasts)
 14194 | Lair:5   | Received a gift from Sif Muna
 15737 | D:10     | Entered Level 10 of the Dungeon
 16093 | D:10     | Found a portal to a secret trove of treasure.
 16296 | D:11     | Noticed Urug
 16313 | D:11     | Killed Urug
 16700 | D:11     | Identified the +8 dire flail "Hydraslayer" {vorpal, Int+4
                  | Dex+4 SInv}
 16702 | D:11     | Noticed Tinttamiau's ghost (journeyman DENe)
 16704 | D:11     | Found a transporter.
 16943 | D:11     | Found a staircase to the Orcish Mines.
 17060 | D:11     | Identified the +7 whip "Dojiuwer" {vorpal, Str+4}
 17213 | D:11     | Found a transporter.
 17379 | D:12     | Reached skill level 13 in Maces & Flails
 17901 | D:12     | Identified Iguh Sul's Guide on the Birds and Translocation
                  | (Sif Muna gifted it to you on level 12 of the Dungeon)
 17901 | D:12     | Received a gift from Sif Muna
 17921 | D:12     | You fall into a shaft and drop 3 floors!
 17921 | D:15     | Entered Level 15 of the Dungeon
 18044 | D:15     | Found Eggounee's Magic Scroll Boutique.
 18054 | D:15     | Found Leorphih's Book Shoppe.
 18075 | D:15     | Bought a scroll of identify for 26 gold pieces
 18075 | D:15     | Bought a scroll of identify for 26 gold pieces
 18080 | D:15     | Identified a scroll of acquirement
 18121 | D:15     | Reached XP level 14. HP: 136/136 MP: 13/13
 19274 | D:13     | Found Qonkud's Armour Emporium.
 19282 | D:13     | Bought a +0 cloak for 85 gold pieces
 19386 | D:13     | Reached skill level 14 in Maces & Flails
 20396 | D:14     | Noticed Frances
 20410 | D:14     | Killed Frances
 20572 | D:14     | Received a gift from Sif Muna
 20756 | D:14     | Found a gate to the Vaults.
 20848 | D:14     | Acquired a +2 eveningstar of draining
 21715 | D:15     | Found a runed translucent door.
 21851 | D:15     | Found a staircase to the Depths.
 22110 | D:15     | Noticed Louise
 22139 | D:15     | Killed Louise
 22139 | D:15     | Reached XP level 15. HP: 139/146 MP: 14/14
 22512 | Orc:1    | Entered Level 1 of the Orcish Mines
 22816 | Orc:2    | Entered Level 2 of the Orcish Mines
 22816 | Orc:2    | Noticed Saint Roka
 22902 | Orc:1    | Identified Zed Sas's Tome of Feathery Calling (Sif Muna
                  | gifted it to you on level 1 of the Orcish Mines)
 22902 | Orc:1    | Received a gift from Sif Muna
 23222 | Orc:1    | Killed Saint Roka
 23392 | Orc:1    | Found Tisaipp's Magic Scroll Shoppe.
 23437 | Orc:1    | Bought a scroll of acquirement for 676 gold pieces
 23437 | Orc:1    | Acquired the +0 hat of Quteom {rF+ rC+ Int+3}
 23444 | Orc:1    | Bought a scroll of identify for 26 gold pieces
 23444 | Orc:1    | Bought a scroll of identify for 26 gold pieces
 23490 | Orc:1    | Reached skill level 15 in Maces & Flails
 23855 | Orc:2    | Found a staircase to the Elven Halls.
 23902 | Orc:2    | Found Sonnij's Magic Scroll Shop.
 24199 | Orc:2    | Found Ywkil's Distillery.
 24205 | Orc:2    | Found Xuakekhlu's Jewellery Shoppe.
 24207 | Orc:2    | Found Mepseuc's Assorted Antiques.
 24263 | Orc:2    | Bought a scroll of enchant weapon for 112 gold pieces
 24263 | Orc:2    | Bought a scroll of enchant weapon for 112 gold pieces
 24273 | Orc:2    | Bought an uncursed amulet of regeneration for 510 gold
                  | pieces
 24849 | Lair:6   | Entered Level 6 of the Lair of Beasts
 25028 | Lair:6   | Paralysed by a hornet for 3 turns
 25072 | Lair:6   | Identified Sif Muna's Grimoire of Mutagenic Orientation
                  | (Sif Muna gifted it to you on level 6 of the Lair of
                  | Beasts)
 25072 | Lair:6   | Received a gift from Sif Muna
 25398 | Lair:5   | Reached skill level 10 in Fighting
 25737 | Lair:6   | Reached ****** piety under Sif Muna
 25789 | Lair:6   | Identified Jiselam's Collected Works on Twisted Conjuration
                  | (Sif Muna gifted it to you on level 6 of the Lair of
                  | Beasts)
 25789 | Lair:6   | Received a gift from Sif Muna
 25916 | Lair:6   | Reached XP level 16. HP: 158/158 MP: 15/15
 25941 | Lair:6   | Found a staircase to the Slime Pits.
 26296 | Lair:6   | Upgraded the game from 0.26-a0-490-gf8362a0c98 to
                  | 0.26-a0-491-g70697cc071
 26388 | Spider:1 | Entered Level 1 of the Spider Nest
 26435 | Spider:1 | Reached skill level 1 in Spellcasting
 26535 | Swamp:1  | Entered Level 1 of the Swamp
 27146 | Swamp:1  | Identified Roxanne's Compendium of Transformation
 27146 | Swamp:1  | Noticed Roxanne
 27650 | Swamp:2  | Identified Sif Muna's Tome of Envenoming and Heat (Sif Muna
                  | gifted it to you on level 2 of the Swamp)
 27650 | Swamp:2  | Received a gift from Sif Muna
 27959 | Swamp:2  | Reached skill level 5 in Spellcasting
 28220 | Swamp:3  | Noticed a thorn hunter
 28271 | Swamp:3  | Killed a thorn hunter
 28641 | Swamp:3  | Noticed a thorn hunter
 28650 | Swamp:3  | Killed a thorn hunter
 29291 | Swamp:4  | Entered Level 4 of the Swamp
 29300 | Swamp:4  | Noticed Aizul
 29342 | Swamp:3  | Killed Aizul
 30304 | Swamp:4  | Noticed a thorn hunter
 30309 | Swamp:4  | Noticed a thorn hunter
 30323 | Swamp:4  | Killed a thorn hunter
 30323 | Swamp:4  | Reached XP level 17. HP: 84/166 MP: 27/27
 30610 | Swamp:4  | Received a gift from Sif Muna
 31194 | Swamp:4  | Noticed a bone dragon
 31223 | Swamp:4  | Killed a bone dragon
 31257 | Swamp:4  | Got a decaying rune of Zot
 31459 | Swamp:1  | Killed Roxanne
 31952 | Spider:1 | Received a gift from Sif Muna
 33292 | Spider:2 | Learned a level 4 spell: Animate Dead
 33404 | Spider:3 | Reached skill level 10 in Spellcasting
 33568 | Spider:3 | Identified Sif Muna's Handbook of Mutagenic Lightness (Sif
                  | Muna gifted it to you on level 3 of the Spider Nest)
 33568 | Spider:3 | Received a gift from Sif Muna
 34232 | Spider:3 | Learned a level 3 spell: Vampiric Draining
 34241 | Spider:4 | Entered Level 4 of the Spider Nest
 34424 | Spider:4 | Reached XP level 18. HP: 65/175 MP: 31/31
 34482 | Spider:4 | Found a frozen archway.
 34560 | IceCv    | Entered an ice cave
 34724 | IceCv    | Identified Sif Muna's Wizardry, Part Four (Sif Muna gifted
                  | it to you in an ice cave)
 34724 | IceCv    | Received a gift from Sif Muna
 36380 | Spider:4 | HP: 8/175 [something (8)]
 36381 | Spider:4 | HP: 2/175 [something (7)]
 36579 | Spider:4 | Identified Sif Muna's Tome of Execration and Attacks (Sif
                  | Muna gifted it to you on level 4 of the Spider Nest)
 36579 | Spider:4 | Received a gift from Sif Muna
 36992 | Spider:4 | Got a gossamer rune of Zot
 37530 | D:11     | Killed Tinttamiau's ghost
 37552 | D:11     | Identified the Incunabulum of Displacement and the Rocks
 37920 | Vaults:1 | Entered Level 1 of the Vaults
 38065 | Vaults:1 | Found Nyl Itz's General Store.
 38116 | Vaults:1 | Found a ruined gateway.
 38129 | Desolati | Entered the Desolation of Salt
 38199 | Desolati | Slain by a crystal guardian

Illustrated notes

Levels and vault maps discovered:
D:1:      dpeg_arrival_concentric_ovals, layout_rooms,
          corexii_hall_statues_deadend, hex_medium, amethyst_killhole
D:2:      layout_loops_ring, nicolae_qazlal_general_emergency
D:3:      layout_basic, minmay_joined_circles
D:4:      layout_loops_corners, serial_shops, nicolae_shop_waterfront,
          uniq_grinder, uniq_ijyb
D:5:      layout_basic, chequers_serial_rivers_small_b, lemuel_flame_loot_1
D:6:      layout_rooms, slow_altar_2, minmay_temple_entry_poolview,
          uniq_menkaure
D:7:      layout_basic
D:8:      layout_loops_ring, lemuel_crystal_altar, dpeg_lair_monsters,
          serial_shops, shop_statue, uniq_maggie
D:9:      layout_long_grid, grunt_temple_overflow_order_and_chaos_2,
          kennysheep_little_box, special_room [special_room_orc],
          grunt_decor_mini_mirrors, kennysheep_generic_room_2
D:10:     layout_roguey, nicolae_trove_entry_path_of_doom
D:11:     layout_loops_ring, minmay_orc_entry_guard_dogs, gammafunk_ghost_smash,
          uniq_urug
D:12:     layout_basic, small_chamber_with_monster
D:13:     layout_long_grid, serial_shops, shop
D:14:     layout_basic, ximxim_vaults_locker_room, grunt_ogre_cave, drop_trap,
          feat_on_display, uniq_frances
D:15:     grunt_enter_depths_snipers, layout_rooms,
          chequers_serial_rivers_micro_c, serial_shops, shop, shop,
          minivault_13, uniq_louise
Temple:   lightli_temple_of_artemis
Lair:1:   layout_regular_city
Lair:2:   layout_regular_city
Lair:3:   layout_small_grid, minmay_swamp_entry_reptiles,
          spider_nest_entry_web_field
Lair:4:   layout_roguey, chequers_serial_rivers_micro_d, grunt_megastairs_1
Lair:5:   layout_misc_corridors, minivault_11, minivault_23,
          minmay_another_anthill
Lair:6:   gammafunk_lair_ancient_temple, layout_gridlike,
          nicolae_slime_entry_slimehenge, ice2_lemuel, serial_bayou_shore_a
Swamp:1:  layout_falls_marsh, evilmike_swamp_ruin_house_2, uniq_roxanne
Swamp:2:  layout_falls_marsh, nicolae_swamp_fairy_circle
Swamp:3:  layout_falls_marsh, evilmike_swamp_ruin_wall, swamp_pool1,
          nicolae_swamp_trees_clearing
Swamp:4:  swamp_pestilence, layout_basic_swamp, uniq_aizul
Spider:1: layout_spider_delve, nicolae_spider_circle_web
Spider:2: nicolae_spider_mines_1, nicolae_spider_cling_halls
Spider:3: layout_spider_delve, drop_trap
Spider:4: grunt_spider_rune_circles, portal_ice_cave_entry_dragon,
          nicolae_orb_stairs
Orc:1:    layout_diamond_mine, serial_shops, shop
Orc:2:    st_orc_elflike, layout_caves, roderic_batcave, uniq_saint_roka
Vaults:1: hangedman_vaults_stretched_pinwheel, v_misc_3, serial_ice_b,
          nicolae_vaults_little_ls, ontoclasm_vaults_chip,
          ontoclasm_vaults_fault, vaults_standard_mumra_x,
          nicolae_vaults_alarming, nicolae_vaults_ring_of_whatevers,
          vaults_room_grunt_arrival_ludios, layout_vaults_quadrants,
          serial_shops, shop, portal_desolation_entry_nicolae_slug
Desolation

Skill      XL: |  1  2  3  4  5  6  7  8  9 10 11 12 13 14 15 16 17 18 |
---------------+-------------------------------------------------------+-----
Maces & Flails | 2 3 4 5 6 7 9 10 12 13 14 15 | 15.9
Fighting       | 3 4 5 6 8 9 10 | 10.2
Shields        | 3 4 5 6 7 9 11 12 13 14 | 14.9
Evocations     | 1 4 |  4.0
Armour         | 4 6 |  6.3
Spellcasting   | 7 10 12 | 12.5
Dodging        | |  2.4

Action                   |  1- 3 |  4- 6 |  7- 9 | 10-12 | 13-15 | 16-18 || total
-------------------------+-------+-------+-------+-------+-------+-------++-------
Melee: Flail             |   129 |   136 |       |       |       |       ||   265
       Whip              |       |    44 |   378 |  1166 |  1267 |       ||  2855
       Peck              |       |       |       |   247 |   516 |   508 ||  1271
       Unarmed           |       |       |       |    77 |       |       ||    77
       Eveningstar       |       |       |       |       |   843 |  2028 ||  2871
 Abil: Evoke Flight      |       |       |       |       |       |     3 ||     3
Evoke: Wand              |       |       |     5 |    10 |    25 |    15 ||    55
  Use: Scroll            |       |     5 |     3 |    13 |    13 |    10 ||    44
       Potion            |       |       |     1 |     4 |       |     3 ||     8
 Stab: Sleeping          |       |     1 |     1 |       |       |       ||     2
       Paralysed         |       |       |    11 |     7 |       |       ||    18
       Distracted        |       |       |       |       |       |     1 ||     1
       Held in net/web   |       |       |       |       |       |     1 ||     1
Armor: Robe              |    79 |    49 |    52 |    53 |       |       ||   233
       Swamp dragon scal |       |       |       |   176 |   381 |   547 ||  1104
Dodge: Dodged            |    64 |    61 |   133 |   307 |   341 |   597 ||  1503
Block: Kite shield       |    87 |    58 |   162 |   334 |       |       ||   641
       Tower shield      |       |       |       |   501 |  1712 |  2301 ||  4514

Table legend: (Time is in decaauts)
 A = Elapsed time spent in this place.
 B = Non-inter-level travel time spent in this place.
 C = Inter-level travel time spent in this place.
 D = Time resting spent in this place.
 E = Time spent auto-exploring this place.
 F = Levels seen in this place.
 G = Mean time per level.
                   A        B        C        D        E       F      G
               +--------+--------+--------+--------+--------+-----+--------+
         Total |  36886 |  34403 |   2483 |   5679 |  16337 |  35 | 1053.9 |
       Dungeon |  17037 |  15726 |   1311 |   2145 |   8593 |  15 | 1135.8 |
        Temple |    104 |    104 |      0 |      0 |     85 |   1 |  104.0 |
          Lair |   7369 |   6780 |    589 |   1150 |   3303 |   6 | 1228.2 |
         Swamp |   4485 |   4167 |    318 |    591 |   1937 |   4 | 1121.2 |
   Spider Nest |   4604 |   4372 |    232 |    912 |   1532 |   4 | 1151.0 |
  Orcish Mines |   2098 |   2068 |     30 |    587 |    702 |   2 | 1049.0 |
        Vaults |    159 |    159 |      0 |      0 |      0 |   1 |  159.0 |
      Ice Cave |    970 |    970 |      0 |    293 |    184 |   1 |  970.0 |
    Desolation |     56 |     56 |      0 |      0 |      0 |   1 |   56.0 |
               +--------+--------+--------+--------+--------+-----+--------+

Top non-repeatable levels by time:
    D:14: 1962 daAuts
     D:8: 1698 daAuts
  Lair:5: 1685 daAuts
Spider:4: 1657 daAuts
     D:7: 1493 daAuts
  Lair:3: 1342 daAuts
 Swamp:3: 1332 daAuts
     D:5: 1308 daAuts
    D:12: 1306 daAuts
     D:9: 1302 daAuts
  Lair:6: 1281 daAuts
 Swamp:4: 1267 daAuts
    D:15: 1251 daAuts
  Lair:4: 1188 daAuts
Spider:3: 1121 daAuts
